 Dungeon Crawl Stone Soup version 0.17-a0-119-g2b06fc5 (webtiles) character file.

2254 Ngotmuk the Shield-Bearer (level 9, -2/82 HPs)
             Began as a Deep Dwarf Fighter on Mar 21, 2015.
             Was a Follower of Ru.
             Slain by a killer bee (3 damage)
             ... on level 8 of the Dungeon.
             The game lasted 00:26:38 (5379 turns).

Ngotmuk the Shield-Bearer (Deep Dwarf Fighter)      Turns: 5379, Time: 00:26:39

Health: -2/82      AC: 21    Str: 23    XL:     9   Next: 15%
Magic:  10/10      EV:  6    Int: 14    God:    Ru [*.....]
Gold:   405        SH: 11    Dex: 12    Spells: 0 memorised, 8 levels left

rFire  + . .     SeeInvis .     s - +1 morningstar
rCold  . . .     Clarity  .     h - +0 plate armour
rNeg   . . .     SustAb   .     c - +0 shield
rPois  .         Gourm    .     m - +4 helmet of the Bells {rF+ Int+5}
rElec  .         Spirit   .     (no cloak)
rCorr  .         Warding  .     z - +0 pair of gloves
rMut   .         Stasis   .     l - +0 pair of boots
MR     +....                    (no amulet)
Stlth  ..........               (no ring)
                                (no ring)

@: non-regenerating, somewhat resistant to hostile enchantments, extremely
unstealthy
A: damage resistance, recharge devices, hooves 1, breathe flames 1, sense
surroundings 2, slow healing 3, placid magic 1, inability to read while
threatened
a: Device Recharging, Renounce Religion, Breathe Fire


You were on level 8 of the Dungeon.
You worshipped Ru.
Ru was aware of your devotion.
You were hungry.

You visited 2 branches of the dungeon, and saw 9 of its levels.
You also visited: Ossuary.

You collected 405 gold pieces.

Inventory:

Hand weapons
 s - a +1 morningstar (weapon)
Armour
 c - a +0 shield (worn)
 h - a +0 plate armour (worn)
 l - a +0 pair of boots (worn)
 m - the +4 helmet of the Bells (worn) {rF+ Int+5}
   (You took it off Robin on level 3 of the Dungeon)

   It affects your intelligence (+5).
   It protects you from fire.
 z - a +0 pair of gloves (worn)
Magical devices
 y - a wand of digging (8)
Scrolls
 a - 3 scrolls of blinking
 d - a scroll of fog
 i - 4 scrolls of remove curse
 k - a scroll of recharging {unknown}
 n - a scroll of identify
 o - 6 scrolls of magic mapping
 w - a scroll of summoning {unknown}
 x - 2 scrolls of fear
Potions
 e - 2 potions of might
 g - a potion of lignification {unknown}
 j - 3 potions of flight
 p - 2 potions of curing
 q - 2 potions of invisibility
 r - a potion of cancellation
 t - 2 potions of magic
 v - 5 potions of restore abilities
Comestibles
 b - a meat ration
 f - 3 bread rations
 u - 9 fruits
 A - 2 royal jellies


   Skills:
 + Level 6.1 Fighting
 + Level 6.0 Maces & Flails
 + Level 6.9 Armour
 + Level 3.4 Dodging
 + Level 7.3 Shields
 + Level 1.3 Evocations


You had 8 spell levels left.
You didn't know any spells.

Dungeon Overview and Level Annotations

Branches:
Dungeon (8/15)             Temple (1/1) D:5
   Lair: D:8-11

Altars:
Ashenzari
Cheibriados
Dithmenos
Elyvilon
Fedhas
Gozag
Kikubaaqudgha
Makhleb
Nemelex Xobeh
Okawaru
Qazlal
Ru
Sif Muna
Trog
Vehumet
Xom
Zin
The Shining One

Shops:
D:5 }


Innate Abilities, Weirdness & Mutations

You are resistant to damage.
You can recharge devices by infusing magical energy.
You passively map the area around you.
You do not heal naturally.
You cannot read scrolls while threatened.
You have large cloven feet.
You can breathe flames.
Your spells are a little easier to cast, but a little less powerful.


Message History

Things that are here:
a killer bee corpse x2
The killer bee buzzes angrily.
The killer bee is too close now for your liking.
Things that are here:
a killer bee corpse x2
The killer bee barely misses you.
You miss the killer bee.
The killer bee stings you but does no damage. x2
You block the killer bee's attack.
You miss the killer bee. You block the killer bee's attack.
The killer bee stings you but does no damage.
You closely miss the killer bee. The killer bee barely misses you.
The killer bee barely misses you.
The killer bee is stunned by your will and fails to attack.
Your plate armour prevents you from hitting the killer bee.
The killer bee stings you.
* * * LOW HITPOINT WARNING * * *
The killer bee stings you.
You die...

### #<# **
#†# , , ,
#@#, *****
#y#,# ,# *
* * * **
#.#.#...##
, ,,
#†........*
,
#.........
, *,
#...y....,
,, * ,
#........
,,
,,#........
, ,
........


You could see a killer bee.

Vanquished Creatures
  A water moccasin (D:6)
  An ice beast (D:5)
  A black bear (D:7)
  2 orc warriors
  A sky beast (D:7)
  A centaur (D:5)
  2 ogres
  2 phantoms
  An elf zombie (Ossuary)
  A gnoll sergeant (D:7)
  2 killer bees (D:8)
  2 jellies
  A human zombie (Ossuary)
  A crimson imp (D:5)
  2 iguanas
  A centaur skeleton (D:5)
  8 orc wizards
  2 orc priests
  Natasha (twice) (D:6)
  6 worker ants
  Ijyb (D:2)
  A hound skeleton (D:5)
  4 mummies (Ossuary)
  2 hound zombies (Ossuary)
  A worker ant zombie (D:7)
  Robin (D:3)
  6 gnolls
  4 adders
  2 shadow imps
  A giant mite (D:1)
  5 worms
  An adder zombie (Ossuary)
  3 giant geckos
  An ooze (D:5)
  28 orcs
  4 ball pythons
  2 bat skeletons (D:4)
  10 giant cockroaches
  A gnoll zombie (Ossuary)
  17 hobgoblins
  4 jackals (D:1)
  3 quokkas
  8 bats
  A giant gecko skeleton (D:7)
  3 giant newts
  19 goblins
  2 goblin zombies (Ossuary)
  2 jackal zombies
  7 kobolds
  A kobold zombie (Ossuary)
  An orc zombie (Ossuary)
  A quokka skeleton (D:7)
  6 rats
  A rat zombie (Ossuary)
194 creatures vanquished.

Vanquished Creatures (others)
  A bat (D:3)
  A goblin (D:3)
  A quokka (D:3)
3 creatures vanquished.

Grand Total: 197 creatures vanquished

Notes
Turn   | Place    | Note
--------------------------------------------------------------
     0 | D:1      | Ngotmuk, the Deep Dwarf Fighter, began the quest for the Orb.
     0 | D:1      | Reached XP level 1. HP: 20/20 MP: 1/1
   203 | D:1      | Reached XP level 2. HP: 25/27 MP: 2/2
   614 | D:2      | Noticed Ijyb
   617 | D:2      | Killed Ijyb
   617 | D:2      | Reached XP level 3. HP: 30/34 MP: 3/3
   709 | D:2      | Found a shattered altar of Ashenzari.
   712 | D:2      | Found a deep blue altar of Sif Muna.
   715 | D:2      | Found a shadowy altar of Dithmenos.
   900 | D:2      | Reached XP level 4. HP: 33/42 MP: 4/4
  1364 | D:3      | Reached skill level 4 in Shields
  1443 | D:3      | Found a white marble altar of Elyvilon.
  1467 | D:3      | Found a blossoming altar of Fedhas.
  1469 | D:3      | Found an iron altar of Okawaru.
  1649 | D:3      | Noticed Robin
  1715 | D:3      | Killed Robin
  1717 | D:3      | Reached XP level 5. HP: 37/49 MP: 5/5
  1719 | D:3      | Got a crude helmet
  1727 | D:3      | Identified the +4 helmet of the Bells {rF+ Int+5} (You took it off Robin on level 3 of the Dungeon)
  1990 | D:3      | Reached XP level 6. HP: 34/57 MP: 6/6
  2425 | D:4      | Found a sand-covered staircase.
  2433 | Ossuary  | Entered an ossuary
  2447 | Ossuary  | Reached skill level 5 in Shields
  2567 | Ossuary  | Reached XP level 7. HP: 22/66 MP: 7/7
  2599 | Ossuary  | Reached skill level 5 in Armour
  3230 | D:5      | Entered Level 5 of the Dungeon
  3246 | D:5      | Found a staircase to the Ecumenical Temple.
  3254 | Temple   | Entered the Ecumenical Temple
  3337 | Temple   | Became a worshipper of Ru the Awakened
  3440 | D:5      | Reached skill level 5 in Fighting
  3440 | D:5      | Reached skill level 6 in Shields
  3474 | D:5      | Reached XP level 8. HP: 24/74 MP: 8/8
  3481 | D:5      | Reached skill level 5 in Maces & Flails
  3507 | D:5      | Reached skill level 1 in Dodging
  3762 | D:5      | Found Cleevyg's Gadget Shop.
  4248 | D:6      | Gained mutation: You cannot read scrolls while threatened. [Ru sacrifice]
  4248 | D:6      | Acquired Ru's first power
  4342 | D:6      | Noticed Natasha
  4346 | D:6      | Killed Natasha
  4743 | D:6      | Noticed Natasha
  4749 | D:6      | Killed Natasha
  4806 | D:7      | Gained mutation: You can breathe flames. [mutagenic meat]
  4807 | D:7      | Gained mutation: Your spells are a little easier to cast, but a little less powerful. [mutagenic meat]
  4808 | D:7      | Gained mutation: You have large cloven feet. [mutagenic meat]
  4838 | D:7      | Reached skill level 7 in Shields
  4919 | D:7      | Gained mutation: You passively map the area around you. [level up]
  4919 | D:7      | Reached XP level 9. HP: 6/82 MP: 9/9
  5353 | D:8      | Reached skill level 1 in Evocations
  5379 | D:8      | HP: 1/82 [killer bee (4)]
  5379 | D:8      | Slain by a killer bee

Action                   |  1- 3 |  4- 6 |  7- 9 || total
-------------------------+-------+-------+-------++-------
Melee: Flail             |    89 |   103 |       ||   192
       Mace              |       |    69 |       ||    69
       Morningstar       |       |    97 |   255 ||   352
Invok: Sacrifice Words   |       |       |     1 ||     1
 Abil: Breathe Fire      |       |       |     1 ||     1
Evoke: Wand              |       |     3 |     2 ||     5
  Use: Scroll            |       |     7 |    11 ||    18
       Potion            |       |       |     2 ||     2
  Eat: Bread ration      |       |     1 |       ||     1
       Pizza             |       |     1 |     1 ||     2
       Meat ration       |       |       |     1 ||     1
       Fruit             |       |       |     3 ||     3
       Chunk             |       |       |     3 ||     3
